AoeStats
← CocaPapi

Lombardia

509559596Analyzed
4v4 RM · 7d ago on Sep 27, 2026· 37m 36s· 8 players
Game mode
Random Map
Map size
Large (8 player)
Population
200
Speed
Normal
Resources
Standard
Victory
Conquest
Starting age
Dark Age
Ending age
Imperial Age
RankedLock teamsTeams togetherTeam positionsShared explorationLock speedFull tech treeHidden civsTurbo modeCheats
Victory
Defeat
🇭🇰 Franks · Hong Kong SAR China
1066
+12
🇨🇳 Franks · China
1028
+14
🇲🇽 Mongols · Mexico
913
+19
🇺🇸 Khitans · United States
901
+19
🇦🇷 Armenians · Argentina
998
-17
🇨🇿 Tatars · Czechia
986
-16
🇸🇪 Italians · Sweden
978
-16
🇦🇷 Teutons · Argentina
945
-15
JOHN CONO
10:52 Feudal Age
11:40 Loom
15:23 Castle Age
25:42 Double-Bit Axe
25:40 Horse Collar
29:00 Imperial Age
30:29 Fletching
30:41 Padded Archer Armor
31:28 Bodkin Arrow
32:56 Bow Saw
Grubik
12:02 Feudal Age
12:49 Double-Bit Axe
14:39 Loom
17:32 Forging
17:22 Scale Mail Armor
19:13 Wheelbarrow
21:26 Castle Age
19:09 Horse Collar
23:17 Heavy Plow
23:29 Bow Saw
28:29 Hand Cart
29:13 Treadmill Crane
29:57 Caravan
32:06 Squires
31:52 Arson
31:27 Pikeman
39:58 Imperial Age
CocaPapi
0:32 Loom
12:23 Feudal Age
15:59 Double-Bit Axe
16:02 Loom
22:14 Forging
22:04 Scale Mail Armor
24:40 Castle Age
24:04 Scale Barding Armor
24:15 Bloodlines
24:14 Horse Collar
31:55 Chain Barding Armor
32:11 Iron Casting
gädda
6:12 Loom
12:16 Feudal Age
12:46 Double-Bit Axe
12:45 Horse Collar
18:15 Castle Age
20:47 Heavy Plow
20:59 Bow Saw
26:06 Silk Road
31:21 Ballistics
35:46 Imperial Age
34:05 Wheelbarrow
33:17 Town Watch
35:57 Padded Archer Armor
35:48 Fletching
36:19 Hand Cart
35:51 Elite Genoese Crossbowman
36:52 Conscription
El viejo7335
1:59 Loom
10:51 Feudal Age
16:23 Horse Collar
20:06 Wheelbarrow
22:47 Castle Age
21:40 Double-Bit Axe
24:17 Gold Mining
24:21 Stone Mining
24:52 Heavy Plow
25:08 Husbandry
25:19 Bloodlines
27:26 Bow Saw
33:28 Gold Shaft Mining
35:00 Nomads
35:49 Stone Shaft Mining
38:54 Imperial Age
shabolobodingdong
10:48 Feudal Age
17:24 Castle Age
15:21 Double-Bit Axe
17:11 Gold Mining
17:12 Stone Mining
18:31 Bow Saw
18:05 Domestication
19:01 Pastoralism
20:36 Stone Shaft Mining
21:03 Gambesons
21:20 Squires
21:06 Arson
21:28 Scale Mail Armor
21:40 Forging
22:30 Pikeman
24:32 Chain Mail Armor
28:22 Lamellar Armor
29:59 Iron Casting
34:29 Imperial Age
35:48 Plate Mail Armor
H wont help
0:56 Loom
11:13 Feudal Age
11:48 Double-Bit Axe
14:57 Stone Mining
15:29 Town Watch
18:08 Castle Age
18:54 Forging
25:09 Wheelbarrow
26:57 Hand Cart
27:36 Bow Saw
27:20 Gold Mining
28:23 Fervor
29:23 Gold Shaft Mining
32:40 Imperial Age
30:47 Scale Barding Armor
30:11 Pikeman
30:59 Fletching
31:18 Husbandry
31:07 Treadmill Crane
32:44 Iron Casting
32:30 Chain Barding Armor
33:14 Ballistics
32:52 Murder Holes
33:14 Squires
33:00 Gambesons
32:41 Cavalier
33:46 Conscription
33:53 Town Patrol
34:56 Arrowslits
36:17 Paladin
38:37 Blast Furnace
38:12 Plate Barding Armor
37:48 Bodkin Arrow
76561199122638748
12:16 Feudal Age
16:22 Castle Age
14:58 Double-Bit Axe
16:18 Forging
17:44 Bow Saw
17:49 Husbandry
19:23 Loom
20:59 Gold Mining
24:13 Scale Barding Armor
27:26 Gold Shaft Mining
26:41 Stone Mining
27:57 Wheelbarrow
28:14 Iron Casting
28:39 Chain Barding Armor
30:57 Hand Cart
36:03 Imperial Age
33:37 Town Watch
35:11 Pikeman
35:51 Squires
35:37 Arson
36:08 Town Patrol
37:54 Blast Furnace
37:30 Plate Barding Armor
36:49 Cavalier
Connection lost

Rejoining the realm…

Still unreachable

The connection could not be restored.

Session expired

The server has moved on; the page needs a fresh start.